 Dungeon Crawl Stone Soup version 0.29-a0-824-gd827844252 (webtiles) character file.

Game seed: 16423022184963789273

5972 Shayle the Fighter (level 10, -7/99 HPs)
             Began as a Naga Brigand on July 9, 2022.
             Was a Follower of Ashenzari.
             Killed by divine providence
             ... invoked by an orc priest
              (15 damage)
             ... on level 9 of the Dungeon on July 10, 2022.
             The game lasted 00:36:30 (12343 turns).

Shayle the Fighter (Naga Brigand)                  Turns: 12343, Time: 00:36:32

Health: -7/99      AC:  8    Str: 13    XL:     10   Next: 84%
Magic:  20/22      EV:  7    Int: 22    God:    Ashenzari [*.....]
Gold:   711        SH: 10    Dex: 13    Spells: 18/25 levels left

rFire   . . .      SeeInvis +   r - +6 morningstar of Dovitus {venom, rC+}
rCold   + . .      Faith    .   p - +0 kite shield
rNeg    . . .      Spirit   .   o - +0 ring mail
rPois   +          Reflect  .   g - +1 helmet "All-seeing Abstinence" {Elem, Self} (curse)
rElec   .          Harm     .   c - +0 cloak
rCorr   .          Rampage  .   (no gloves)
Will    +....                   (no barding)
Stlth   +++.......              (no amulet)
HPRegen 0.26/turn               B - ring "Overhang to Understand" {Int+6, Cun, Alch} (curse)
MPRegen 0.18/turn               (no ring)

@: marked, invisible, very slow
A: AC +3, large, see invisible, deformed body, poison resistance, slowness 2,
spit poison 1, naga tail 1
a: Spit Poison, Renounce Religion, Curse Item, Shatter the Chains


You were on level 9 of the Dungeon.
You worshipped Ashenzari.
Ashenzari was aware of your devotion.
You visited 2 branches of the dungeon, and saw 10 of its levels.

You collected 711 gold pieces.

Inventory:

Hand Weapons
 a - a +2 dagger of protection
 n - a +3 vorpal flail
 r - the +6 morningstar of Dovitus (weapon) {venom, rC+}
   (You found it on level 6 of the Dungeon)

   It poisons the flesh of those it strikes.
   rC:        It protects you from cold.
 z - a +0 scimitar of flaming
Missiles
 d - 31 poisoned darts (quivered)
 e - 3 curare-tipped darts
 v - 6 datura-tipped darts
 C - a throwing net
Armour
 c - a +0 cloak (worn)
 g - the cursed +1 helmet "All-seeing Abstinence" (worn) {Elem, Self}
   (You found it on level 1 of the Dungeon)

   It has a curse which improves the following skills: Elements: Fire Magic, Ice
   Magic, Air Magic and Earth Magic.
   Introspection: Fighting and Spellcasting.
 o - a +0 ring mail (worn)
 p - a +0 kite shield (worn)
 y - +0 ice dragon scales
Jewellery
 i - a ring of positive energy
 B - the cursed ring "Overhang to Understand" (left hand) {Int+6, Cun, Alch}
   (You found it on level 7 of the Dungeon)

   [ring of intelligence]

   Int:       It affects your intelligence (+6).
   It has a curse which improves the following skills: Cunning: Dodging and
   Stealth.
   Alchemy:   Poison Magic and Transmutations.
Scrolls
 b - 2 scrolls of blinking
 m - 3 scrolls of teleportation
 x - a scroll of identify
Potions
 f - a potion of curing
 h - 2 potions of brilliance
 k - 4 potions of berserk rage
 l - 3 potions of mutation
 q - 2 potions of flight
 s - 3 potions of ambrosia
 t - a potion of resistance
 u - 2 potions of attraction
Miscellaneous
 j - a phial of floods (inert)


   Skills:
 + Level 8.6(9.4) Fighting
 - Level 2.0 Short Blades
 - Level 1.7 Throwing
 + Level 1.5(2.2) Dodging
 - Level 8.0(8.8) Stealth
 - Level 7.0 Shields
 + Level 7.5(8.3) Spellcasting
 + Level 2.9(3.6) Transmutations
 + Level 2.8(3.6) Fire Magic
 - Level 0.8(1.3) Ice Magic
 - Level 0.7(1.2) Air Magic
 + Level 2.8(3.6) Earth Magic
 + Level 3.5(4.3) Poison Magic


You had 18 spell levels left.
You knew the following spells:

 Your Spells              Type           Power      Damage    Failure   Level
a - Sting                 Tmut/Pois      100%       1d8       6%          1
b - Poisonous Vapours     Pois/Air       42%        N/A       16%         2
c - Olgreb's Toxic Radia  Pois           28%        N/A       47%         4

Your spell library contained the following spells:

 Spells                   Type           Power      Damage    Failure   Level
 Petrify                  Tmut/Erth      25%        N/A       58%         4
 Metabolic Englaciation   Hex/Ice        6%         N/A       100%        5
 Statue Form              Tmut/Erth      16%        N/A       100%        6
 Malign Gateway           Summ/Tloc      4%         N/A       100%        7
 Borgnjor's Revivificati  Necr           4%         N/A       100%        8
 Necromutation            Tmut/Necr      8%         N/A       100%        8
 Summon Horrible Things   Summ           4%         N/A       100%        8
 Death's Door             Necr           4%         N/A       100%        9


Dungeon Overview and Level Annotations

Branches:
Dungeon (9/15)             Temple (1/1) D:7
   Lair: D:8-11         Orc: D:9-12

Altars:
Ashenzari
Cheibriados
Dithmenos
Fedhas
Gozag
Hepliaklqana
Makhleb
Nemelex Xobeh
Qazlal
Uskayaw
Wu Jian
Xom
Yredelemnul
Zin
The Shining One

Shops:
D:7 (

Annotations:
D:4 3 runed translucent doors, xian's ghost, amateur OpCj
D:7 1 runed translucent door
D:9 Harold


Innate Abilities, Weirdness & Mutations

Your serpentine skin is tough. (AC +3)
You have supernaturally acute eyesight. (SInv)
Armour fits poorly on your strangely shaped body.
Your system is resistant to poisons. (rPois)
You cover ground very slowly.
You can spit poison.
You have a snake-like lower body.


Message History

Unknown command.
The orc priest shouts!
The centaur shouts!
You hit Harold.
Harold is poisoned.
Harold is lightly wounded.
You hear two shouts!
You block Harold's attack. x2
You hear two shouts!
You puncture Harold!
Harold looks as sick as possible!
Harold is moderately wounded.
Harold hits you but does no damage.
You puncture Harold!
Harold looks as sick as possible!
Harold is heavily wounded.
Harold closely misses you.
The orc priest mumbles some strange prayers to Beogh against you.
Pain shoots through your body!
* * * LOW HITPOINT WARNING * * *
Harold completely misses you.
You completely miss Harold.
Harold is severely wounded.
Harold is no longer waterlogged.
Harold points at you and mumbles some strange words.
A sentinel's mark forms upon you.
A two-headed ogre comes into view. It is wielding two +0 giant clubs.
An orc warrior comes into view. It is wielding a +0 flail.
Okay, then.
Cast which spell? (? or * to list)
Aiming: Poisonous Vapours (safe; 16% risk of failure)
Press: ? - help, Dir - move target, f/p - Harold
Aim: Harold, wielding a +0 glaive, wearing a +0 scale mail and quivering 4 throwing nets (severely wounded, unable to see you, extremely poisoned) Poisonous vapours surround Harold!
Harold looks as sick as possible!
Harold hits you with a +0 glaive!!
* * * LOW HITPOINT WARNING * * *
You feel better. Harold gestures at you while chanting.
You barely resist.
The centaur wields a +0 shortbow.
The centaur shoots an arrow.
The arrow barely misses the orc priest.
You block the arrow.
The orc priest invokes the aid of Beogh against you.
Beogh smites you!
You die...

..#
#.....^.........'........
..#
#........#...####........
..# #........##.##
##....... ...
...###....#########.....#
..[ .. #...........#
##....# #. . #..#........#
#..#. . ####........# .###
#.. #..#..###...# ## # ....
#..@@..#....# #.#
#..###o.#..#..#.# ##.####
#..c....#######.###......
#..O....#..#..#........#.
....o###.....#.....####....
#y.. #.....###....# #.###
.y. #!.#........## #.# }.
####.......## #.# . #!
#........# #.#


You could see Harold (unable to see you, extremely poisoned), a two-headed ogre
(unable to see you), an orc warrior (unable to see you), a centaur (unable to
see you) and an orc priest (unable to see you).

Vanquished Creatures
  Erica (D:9)
  Joseph (D:7)
  A hornet (D:9)
  A troll (D:9)
  5 yaks (D:8)
  2 water moccasins
  A sky beast (D:6)
  2 orc warriors
  2 ogres (D:6)
  2 ice beasts (D:6)
  4 centaurs
  4 phantoms
  2 kobold brigands
  4 bullfrogs
  3 necrophages
  A gnoll sergeant (D:6)
  5 scorpions
  3 wights
  9 killer bees
  3 vampire bats
  3 hounds
  3 orc priests
  4 jellies (D:6)
  4 iguanas
  A human skeleton (D:7)
  7 orc wizards
  6 adders
  A shadow imp (D:6)
  3 white imps
  An ufetubus (D:5)
  3 dart slugs
  3 fire bats (D:5)
  19 orcs
  2 spectral bats (D:5)
  3 bat skeletons (D:5)
  A bat zombie (D:5)
  4 endoplasms
  3 giant cockroaches
  17 goblins
  12 hobgoblins
  5 jackals
  13 kobolds
  7 quokkas
  3 training dummies (D:7)
  4 ball pythons
  17 bats
  A bat simulacrum (D:5)
  4 frilled lizards
  A kobold skeleton (D:7)
  4 rats (D:1)
215 creatures vanquished.

Notes
Turn   | Place    | Note
-------+----------+-------------------------------------------
     0 | D:1      | Shayle the Naga Brigand began the quest for the Orb.
     0 | D:1      | Reached XP level 1. HP: 19/19 MP: 1/1
   378 | D:1      | Reached XP level 2. HP: 20/26 MP: 2/2
   645 | D:1      | Found a faded altar of an unknown god.
   698 | D:1      | Reached skill level 1 in Spellcasting
   837 | D:2      | Reached XP level 3. HP: 10/33 MP: 4/4
  1684 | D:2      | Reached XP level 4. HP: 40/40 MP: 6/6
  2425 | D:3      | Found an ornate altar of the Wu Jian Council.
  2611 | D:3      | Found a hazy altar of Hepliaklqana.
  2982 | D:4      | Found a runed translucent gate.
  2982 | D:4      | Identified the +5 chain mail of Dunyeciz {rPois rN+}
  2982 | D:4      | Noticed an orc warrior
  2983 | D:4      | Found a runed translucent gate.
  2983 | D:4      | Noticed xian's ghost (amateur OpCj)
  2984 | D:4      | Found a runed translucent gate.
  3049 | D:4      | Reached skill level 1 in Shields
  3096 | D:4      | Found a hide-covered altar of Uskayaw.
  3162 | D:4      | Found a burning altar of Makhleb.
  3232 | D:4      | Noticed a scorpion
  3237 | D:4      | Killed a scorpion
  3238 | D:4      | Reached XP level 5. HP: 48/49 MP: 6/8
  3624 | D:4      | Found a broken altar of Ashenzari.
  3630 | D:4      | Became a worshipper of Ashenzari the Shackled
  3731 | D:4      | Noticed a phantom
  3757 | D:4      | Killed a phantom
  3758 | D:4      | Reached XP level 6. HP: 34/57 MP: 9/9
  4385 | D:5      | Entered Level 5 of the Dungeon
  4580 | D:5      | Reached XP level 7. HP: 52/64 MP: 11/11
  5054 | D:5      | Reached skill level 5 in Fighting
  5218 | D:5      | Reached XP level 8. HP: 74/74 MP: 14/14
  6093 | D:6      | Found a stormy altar of Qazlal.
  6121 | D:6      | Reached skill level 5 in Spellcasting
  6149 | D:6      | Found a sparkling altar of Nemelex Xobeh.
  6203 | D:6      | Identified the +6 morningstar of Dovitus {venom, rC+}
  6265 | D:6      | Found a shadowy altar of Dithmenos.
  6388 | D:6      | Reached skill level 5 in Shields
  6526 | D:6      | You fall into a shaft and drop 1 floor!
  6557 | D:6      | Reached XP level 9. HP: 83/85 MP: 17/17
  7676 | D:7      | Found Xofieme's Firing Range.
  7848 | D:6      | Upgraded the game from 0.29-a0-823-gc37b1572da to
                  | 0.29-a0-824-gd827844252
  7894 | D:7      | Noticed Joseph
  7907 | D:7      | Killed Joseph
  8034 | D:7      | Identified the cursed +1 helmet "All-seeing Abstinence"
                  | {Elem, Self} (You found it on level 1 of the Dungeon)
  8471 | D:7      | Found a runed translucent door.
  8476 | D:7      | Found a basalt altar of Yredelemnul.
  8485 | D:7      | Reached XP level 10. HP: 96/98 MP: 21/21
  8551 | D:7      | Reached * piety under Ashenzari
  8712 | D:7      | Found a staircase to the Ecumenical Temple.
  8721 | Temple   | Entered the Ecumenical Temple
  8870 | D:7      | Found a blossoming altar of Fedhas.
  9681 | D:8      | Reached skill level 1 in Fire Magic
  9681 | D:8      | Reached skill level 1 in Earth Magic
  9820 | D:8      | Reached skill level 1 in Poison Magic
 10039 | D:8      | Reached skill level 1 in Transmutations
 10094 | D:8      | Found a glowing silver altar of Zin.
 10094 | D:8      | Noticed an angel
 10095 | D:8      | Found a shimmering altar of Xom.
 11514 | D:9      | Learned a level 1 spell: Sting
 11517 | D:9      | Learned a level 2 spell: Poisonous Vapours
 11522 | D:9      | Learned a level 4 spell: Olgreb's Toxic Radiance
 11802 | D:9      | Noticed Harold
 11840 | D:9      | Noticed Erica
 11854 | D:9      | Killed Erica
 11855 | D:9      | Reached skill level 1 in Dodging
 12341 | D:9      | Noticed a two-headed ogre
 12342 | D:9      | HP: 3/99 [Harold/+0 glaive (20)]
 12343 | D:9      | Killed from afar by an orc priest

Illustrated notes

Levels and vault maps discovered:
D:1:      nagdon_arrival_double_spiral, layout_basic,
          ebering_ecumenical_altar_rust
D:2:      cheibrodos_greedy_goblins, layout_loops_corners, wad_orctagon
D:3:      layout_rooms, mainiacjoe_overflow_cross_hatched,
          mainiacjoe_overflow_surrounded_room, kennysheep_small_spiral,
          kennysheep_generic_room_13
D:4:      layout_cave_pods, lemuel_crystal_altar, kennysheep_little_box,
          marbit_many_paths, biasface_ghost_orc_armoury, hangedman_decor_lopped,
          roderic_batcave, grunt_ministairs_1
D:5:      layout_basic, goddamned_bats
D:6:      layout_gridville, mainiacjoe_overflow_tiny_flanked,
          overflow_temple_1_default, old_standard_altar, minmay_joined_circles
D:7:      nicolae_cairo_tiling_large, layout_basic,
          lemuel_coloured_pillars_altar, dk_yredelemnul_ordeal,
          minmay_temple_entry_proselytizer, eino_curves_03,
          nicolae_shop_firing_range, uniq_joseph
D:8:      layout_basic, grunt_temple_overflow_order_and_chaos_1,
          lightli_minifort
D:9:      hangedman_cross_cluster, layout_loops_corners, nicolae_specific_store,
          uniq_harold, uniq_erica
Temple:   nicolae_temple_ecumenical_triangle

Skill      XL: |  1  2  3  4  5  6  7  8  9 10 |
---------------+-------------------------------+-----
Stealth        | 6 7 8 |  8.0
Spellcasting   | 1 2 3 4 5 6 7 |  7.5
Fighting       | 3 4 5 6 8 |  8.6
Shields        | 1 2 3 5 6 7 |  7.0
Fire Magic     | 2 |  2.8
Earth Magic    | 2 |  2.8
Poison Magic   | 3 |  3.5
Transmutations | 2 |  2.9
Dodging        | 1 |  1.5
Short Blades   | |  2.0
Throwing       | |  1.7
Ice Magic      | |  0.8
Air Magic      | |  0.7

Action                   |  1- 3 |  4- 6 |  7- 9 | 10-12 || total
-------------------------+-------+-------+-------+-------++-------
Melee: Dagger            |    46 |       |       |       ||    46
       Punch             |     1 |       |       |       ||     1
       Flail             |    30 |   164 |   138 |       ||   332
       Morningstar       |       |       |   157 |   134 ||   291
Throw: Dart              |     2 |     6 |    11 |       ||    19
 Cast: Poisonous Vapours |       |       |       |     1 ||     1
Invok: Curse Item        |       |       |     1 |     1 ||     2
 Abil: Spit Poison       |    10 |    17 |    16 |     2 ||    45
Evoke: Phial of floods   |       |       |       |     1 ||     1
  Use: Scroll            |       |     5 |    12 |     1 ||    18
       Potion            |       |       |     6 |     6 ||    12
 Stab: Sleeping          |     7 |     4 |     8 |     2 ||    21
       Distracted        |       |       |     1 |       ||     1
Armor: Robe              |    18 |       |       |       ||    18
       Ring mail         |    19 |    51 |     7 |    63 ||   140
       Ice dragon scales |       |    72 |   233 |       ||   305
       Skin              |       |       |    23 |       ||    23
Dodge: Dodged            |    33 |    57 |    93 |    70 ||   253
Block: Kite shield       |     6 |    99 |   218 |    87 ||   410

Table legend: (Time is in decaauts)
 A = Elapsed time spent in this place.
 B = Non-inter-level travel time spent in this place.
 C = Inter-level travel time spent in this place.
 D = Time resting spent in this place.
 E = Time spent auto-exploring this place.
 F = Levels seen in this place.
 G = Mean time per level.
                   A        B        C        D        E       F      G
               +--------+--------+--------+--------+--------+-----+--------+
         Total |  15233 |  14469 |    764 |   3309 |   7389 |  10 | 1523.3 |
       Dungeon |  15232 |  14468 |    764 |   3309 |   7389 |   9 | 1692.4 |
        Temple |      1 |      1 |      0 |      0 |      0 |   1 |    1.0 |
               +--------+--------+--------+--------+--------+-----+--------+

Top non-repeatable levels by time:
     D:6: 2751 daAuts
     D:9: 1864 daAuts
     D:2: 1832 daAuts
     D:7: 1748 daAuts
     D:4: 1661 daAuts
     D:5: 1617 daAuts
     D:8: 1512 daAuts
     D:3: 1237 daAuts
     D:1: 1007 daAuts
  Temple: 1 daAuts
